 Dungeon Crawl Stone Soup version 0.18.1-50-g88ac8fd (webtiles) character file.

260024 Chiseanne the Sorcerer (level 19, 0/92 HPs)
             Began as a Spriggan Warper on Oct 24, 2016.
             Was an Initiate of Gozag.
             Slain by a storm dragon simulacrum (36 damage)
             ... on level 2 of the Vaults on Oct 26, 2016.
             The game lasted 06:31:07 (57212 turns).

Chiseanne the Sorcerer (Spriggan Warper)           Turns: 57212, Time: 06:31:08

Health: 0/92       AC:  7    Str: 11    XL:     19   Next: 16%
Magic:  51/56      EV: 38    Int: 26    God:    Gozag
Gold:   384        SH: 18    Dex: 23    Spells: 18 memorised, 7 levels left

rFire  + + .     SeeInvis +     d - +2 rapier (elec)
rCold  . . .     Gourm    .     T - +1 robe "Zazuxaju" {rF+ rN++ Str+2}
rNeg   + + .     Faith    .     B - +3 buckler
rPois  +         Spirit   .     A - +1 hat {MR+}
rElec  +         Dismiss  .     G - +2 cloak {rPois}
rCorr  .         Reflect  +     (gloves unavailable)
SustAt .         Harm     .     (boots unavailable)
MR     ++++.                    v - +6 amulet of reflection
Stlth  +++++++++.               r - ring "Xoohiso" {rPois rF+ Dex+4 Stlth+}
                                Q - ring "Tificit" {rElec MP+9 Str+4 Int+7}

@: regenerating, very quick, incredibly resistant to hostile enchantments,
incredibly stealthy
A: unfitting armour, talons 1, see invisible, herbivore 3, speed 3, slow
metabolism 2, weak 1, subdued magic 1
a: Potion Petition, Call Merchant, Bribe Branch, Renounce Religion
}: 2/15 runes: barnacled, gossamer


You were on level 2 of the Vaults.
You worshipped Gozag.
Gozag was noncommittal.
You were not hungry.

You visited 9 branches of the dungeon, and saw 39 of its levels.

You collected 17006 gold pieces.
You spent 6502 gold pieces at shops.
You paid 10120 gold pieces to Gozag.

Inventory:

Hand Weapons
 a - a +2 rapier of protection
 d - a +2 rapier of electrocution (weapon)
 f - a +5 rapier of freezing
 g - the +10 mace "Jellybane" {pain, rF+ MR+ Str+4}
   (You bought it in a shop on level 15 of the Dungeon)

   In the hands of one skilled in necromantic magic, it inflicts extra damage on
   living creatures.
   It affects your strength (+4).
   It protects you from fire.
   It affects your resistance to hostile enchantments.
 s - a +2 dagger of venom
 w - a +4 blowgun
Missiles
 h - 35 poisoned needles
 i - 235 bolts
 o - a curare-tipped needle
 V - 11 throwing nets (quivered) {!*}
Armour
 A - a +1 hat of magic resistance (worn)
 B - a +3 buckler (worn)
 G - a +2 cloak of poison resistance (worn)
 T - the +1 robe "Zazuxaju" (worn) {rF+ rN++ Str+2}
   (You found it on level 8 of the Lair of Beasts)

   It affects your strength (+2).
   It protects you from fire.
   It greatly protects you from negative energy.
Jewellery
 e - an uncursed ring of flight
 r - the ring "Xoohiso" (right hand) {rPois rF+ Dex+4 Stlth+}
   (You bought it in a shop on level 2 of the Orcish Mines)

   [ring of poison resistance]

   It affects your dexterity (+4).
   It protects you from fire.
   It protects you from poison.
   It makes you more stealthy.
 v - a +6 amulet of reflection (around neck)
 Q - the ring "Tificit" (left hand) {rElec MP+9 Str+4 Int+7}
   (You bought it in a shop on level 1 of the Depths)

   [ring of magical power]

   It affects your strength (+4).
   It affects your intelligence (+7).
   It insulates you from electricity.
   It affects your magic capacity (+9).
Wands
 c - a wand of teleportation (3/9)
 k - a wand of disintegration (5/24)
 z - a wand of confusion (19/48)
 J - a wand of paralysis (8/24)
 Z - a wand of digging (10/24)
Scrolls
 l - 12 scrolls of remove curse
 q - 4 scrolls of teleportation
 t - 8 scrolls of fear
 x - a scroll of summoning
 y - 4 scrolls of magic mapping
 H - 6 scrolls of blinking
 O - a scroll of fog
 R - 7 scrolls of identify
Potions
 b - 6 potions of flight
 j - a potion of brilliance
 C - a potion of cancellation
 E - 3 potions of agility
 L - 9 potions of curing
 P - 2 potions of berserk rage
 S - a potion of resistance
 U - 3 potions of haste
Books
 u - an Akashic Record

   Spells                             Type                      Level
   a - Dispersal                      Translocation                6
   b - Malign Gateway                 Summoning/Translocation      7
   c - Disjunction                    Translocation                8
   d - Controlled Blink               Translocation                8
Miscellaneous
 m - a phial of floods (inert)
 M - a fan of gales (inert)
Comestibles
 n - 3 fruits
 p - 14 bread rations


   Skills:
 - Level 7.0 Fighting
 - Level 9.7 Short Blades
 - Level 1.0 Throwing
 + Level 1.7 Armour
 - Level 18.9 Dodging
 - Level 17.2 Stealth
 - Level 7.2 Shields
 * Level 23.8 Spellcasting
 - Level 12.2 Hexes
 - Level 7.9 Charms
 - Level 5.7 Necromancy
 * Level 9.4 Translocations
 - Level 5.7 Evocations


You had 7 spell levels left.
You knew the following spells:

 Your Spells              Type           Power        Failure   Level  Hunger
a - Shroud of Golubria    Chrm/Tloc      ######....   1%          2    None
b - Regeneration          Chrm/Necr      ######....   1%          3    None
c - Song of Slaying       Chrm           ######..     1%          2    None
d - Spectral Weapon       Hex/Chrm       ######..     1%          3    None
e - Tukima's Dance        Hex            ######..     0%          3    None
f - Mephitic Cloud        Conj/Pois/Air  ###.....     3%          3    None
g - Teleport Other        Tloc           ######..     1%          3    None
h - Blink                 Tloc           N/A          1%          2    None
i - Apportation           Tloc           ######....   0%          1    None
j - Invisibility          Hex            ######..     1%          6    None
k - Passage of Golubria   Tloc           N/A          1%          4    None
l - Repel Missiles        Chrm/Air       #####.       1%          2    None
m - Summon Butterflies    Summ           ###.....     1%          1    None
n - Cause Fear            Hex            ######....   1%          4    None
o - Control Undead        Necr           #####.....   1%          4    None
p - Silence               Hex/Air        #####.....   1%          5    None
q - Sticky Flame          Conj/Fire      ###.....     12%         4    None
r - Dispersal             Tloc           ######....   3%          6    None


Dungeon Overview and Level Annotations

Branches:
Dungeon (15/15)            Temple (1/1) D:7            Lair (8/8) D:10
 Shoals (4/4) Lair:5       Spider (4/4) Lair:3        Slime (0/6) Lair:8
    Orc (2/2) D:10            Elf (1/3) Orc:2        Vaults (3/5) D:13
  Crypt (0/3) Vaults:2     Depths (1/5) D:15

Altars:
Ashenzari
Cheibriados
Dithmenos
Elyvilon
Fedhas
Gozag
Kikubaaqudgha
Makhleb
Nemelex Xobeh
Okawaru
Pakellas
Qazlal
Ru
Sif Muna
Trog
Vehumet
Xom
Yredelemnul
Zin
The Shining One
Beogh
Lugonu

Shops:
D:5 [   D:9 [   D:10 (   D:12 :   D:13 [   D:15 *((([   Orc:1 [   Orc:2 *([:
Shoals:2 }   Depths:1 =

Portals:
Pandemonium: Depths:1

Annotations:
D:3 Grinder
D:11 ayyllmao's ghost, journeyman TrMo
Shoals:4 exclusion: Roxanne, Roxanne
Spider:3 exclusion: upstairs
Vaults:2 Mennas


Innate Abilities, Weirdness & Mutations

You are tiny and cannot use many weapons and most armour.
You have supernaturally acute eyesight.
You are a herbivore.
You cover ground extremely quickly.
You need consume almost no food.
You have sharp toenails.
You are weak. (Str -2)
Your spells are a little easier to cast, but a little less powerful.


Message History

The ironheart preserver throws a stone.
You reflect the stone off an invisible shield around you!
The stone hits the storm dragon simulacrum but does no damage.
You hit the storm dragon simulacrum but do no damage.
Your kick misses the storm dragon simulacrum.
You block the storm dragon simulacrum's attack.
The storm dragon simulacrum closely misses you.
The storm dragon simulacrum completely misses you.
The ironheart preserver throws a stone.
The stone completely misses you.
You completely miss the storm dragon simulacrum.
Your kick misses the storm dragon simulacrum.
The boulder beetle completely misses you.
You block the storm dragon simulacrum's attack.
The storm dragon simulacrum claws you.
The storm dragon simulacrum freezes you!!!
Your shroud falls apart!
The storm dragon simulacrum tramples you.
The storm dragon simulacrum freezes you!!!
You die...
Your body crumbles into a pile of gold.

#..###. $ #..'.'.
####'#'## #..#.'..#
#..#'#..# .. ###..#### ...
#..#
####'###############''####
.........@................
.........ZB...............
.........((...$.....######
....................#.....
....................#..#.#
....................#.>###
............p..$....#..#.#
.............$......#.....
....................######


You could see an ironheart preserver, a boulder beetle and a storm dragon
simulacrum.

Vanquished Creatures
  Gastronok (Lair:3)
  Kirke (D:12)
  Ilsuiw (Shoals:4)
  A tengu reaver (D:12)
  A vault warden (Vaults:1)
  4 ghost moths (Spider:4)
  5 orc warlords
  3 emperor scorpions (Spider:4)
  5 ironheart preservers
  A very ugly thing (Vaults:1)
  2 stone giants (Vaults:2)
  A deep elf demonologist (Vaults:1)
  A deep elf annihilator (Vaults:1)
  2 spark wasps
  2 ettins (Depths:1)
  4 merfolk javelineers (Shoals:4)
  2 ettins (shapeshifter)
  6 vault guards
  The ghost of Kloppie the Cleaver, a journeyman HOBe of Trog (D:12)
  6 merfolk impalers
  2 yaktaur captains (Vaults:2)
  Josephine (D:12)
  An entropy weaver (Spider:4)
  A fire dragon (Vaults:2)
  A rakshasa (D:15)
  4 hydras
  Erolcha (D:8)
  3 catoblepae
  4 merfolk avatars (Shoals:4)
  Erica (D:8)
  8 ogre magi
  An alligator snapping turtle (Shoals:4)
  4 deep troll shamans
  7 centaur warriors
  9 death yaks
  3 death knights
  2 deep troll earth magi
  A queen ant (D:8)
  3 merfolk aquamancers (Shoals:4)
  3 spriggan berserkers (Depths:1)
  3 orc high priests
  5 tengu warriors
  A deep elf knight (Vaults:1)
  Nergalle (D:12)
  Sonja (Lair:1)
  9 skeletal warriors (Vaults:2)
  A giant orange brain (D:14)
  An unseen horror (shapeshifter) (D:15)
  6 sea snakes
  A flayed ghost (Vaults:2)
  20 deep trolls
  6 hill giants
  A deep elf archer (D:13)
  9 deep elf magi
  A lindwurm (shapeshifter) (D:13)
  3 unseen horrors
  11 orc knights
  5 harpies (Shoals:4)
  A necromancer (Vaults:1)
  7 orc sorcerers
  13 wolf spiders
  5 orb spiders
  8 hornets
  8 manticores
  2 sphinx skeletons (Vaults:2)
  3 fauns (Shoals:1)
  5 cyclopes
  2 wizards
  13 ugly things
  10 griffons
  11 black mambas
  12 elephants (Lair:8)
  3 water nymphs
  Maurice (D:8)
  A centaur zombie (D:11)
  5 sirens
  4 vault sentinels
  2 torpor snails
  A spiny frog (shapeshifter) (D:13)
  21 spiny frogs
  A gargoyle (D:14)
  14 komodo dragons
  8 centaur skeletons
  An efreet (D:13)
  A yaktaur (shapeshifter) (D:14)
  8 demonic crawlers
  3 freezing wraiths
  12 yaktaurs
  A tengu conjurer (D:14)
  21 merfolk
  A polar bear (Lair:7)
  A queen bee (D:13)
  A giant leech (Lair:8)
  2 wind drakes
  2 boulder beetles
  10 trolls
  7 jumping spiders
  Prince Ribbit (D:8)
  7 two-headed ogres
  25 blink frogs
  A dancing weapon (Depths:1)
  10 slime creatures
  5 snapping turtles
  A centaur simulacrum (D:15)
  A spriggan (shapeshifter) (D:15)
  19 redbacks
  3 shadows
  62 yaks
  4 tarantellas
  A wyvern (D:11)
  5 hogs
  9 water elementals
  10 wraiths
  A fire elemental (Elf:1)
  16 hippogriffs
  2 hungry ghosts
  5 basilisks
  23 vampire mosquitoes
  A warg (shapeshifter) (D:15)
  Menkaure (D:4)
  10 wargs
  A human simulacrum (Vaults:1)
  3 mottled dragons
  9 soldier ants
  21 water moccasins
  26 porcupines
  Duvessa (D:6)
  47 orc warriors
  33 ogres
  5 sky beasts
  5 wasps
  4 black bears
  2 eyes of draining
  2 necrophages
  A phantom (D:6)
  6 ice beasts
  3 boggarts (Vaults:2)
  26 centaurs
  5 wolves
  5 human skeletons
  An orc skeleton (Vaults:2)
  15 crocodiles
  Blork the orc (D:3)
  A wyvern zombie (D:14)
  30 giant frogs
  2 yaktaur skeletons
  Dowan (D:6)
  A wyvern skeleton (D:13)
  11 scorpions
  36 killer bees
  11 wights
  8 electric eels
  A quasit (D:10)
  2 howler monkeys (D:12)
  16 crimson imps
  21 orc priests
  2 giant frog skeletons
  7 jellies
  13 hounds
  44 orc wizards
  A gnoll shaman (Orc:2)
  Ijyb (D:3)
  14 iguanas
  24 worker ants
  35 sheep
  A hound skeleton (D:4)
  A hound zombie (D:8)
  A worker ant zombie (D:5)
  Robin (D:3)
  18 adders
  8 gnolls
  43 river rats
  3 shadow imps
  3 adder skeletons
  An adder zombie (D:5)
  2 worms
  2 dart slugs (D:2)
  6 giant geckos
  135 orcs
  9 bats
  6 giant cockroaches
  12 goblins
  10 hobgoblins
  6 jackals (D:2)
  5 quokkas
  5 giant newts
  A jackal zombie (D:5)
  11 kobolds
  3 quokka zombies
  12 rats
  A fungus (Lair:7)
  A spectral weapon (Vaults:1)
1461 creatures vanquished.

Vanquished Creatures (collateral kills)
  Norris (Vaults:2)
  Agnes (D:15)
  2 vault wardens (Vaults:2)
  Louise (Shoals:4)
  An ironheart preserver (Vaults:1)
  A stone giant (Depths:1)
  2 spark wasps (Depths:1)
  A merfolk javelineer (Shoals:3)
  A merfolk impaler (Shoals:4)
  2 entropy weavers (Depths:1)
  An ogre mage (Depths:1)
  An ice dragon (Depths:1)
  A hydra (D:11)
  A tengu warrior (D:15)
  A deep troll earth mage (Depths:1)
  A merfolk aquamancer (Shoals:3)
  A spriggan berserker (Depths:1)
  A fire crab (Vaults:2)
  A deep elf knight (Elf:1)
  A wizard (Vaults:2)
  A deep elf archer (Vaults:2)
  An ugly thing (D:15)
  An ironbrand convoker (Vaults:1)
  An orc sorcerer (Vaults:2)
  A wolf spider (Vaults:1)
  2 orc knights
  3 spiny frogs
  A yaktaur (Depths:1)
  3 merfolk
  A giant leech (Lair:8)
  5 two-headed ogres
  A blink frog (Lair:5)
  A redback (Depths:1)
  A basilisk (Lair:3)
  7 orc warriors
  13 ogres
  A crocodile (Lair:3)
  3 giant frogs
  A human skeleton (Vaults:2)
  A wight (D:11)
  2 orc wizards (Orc:2)
  A sheep (Lair:8)
  2 gnolls (Orc:2)
  A river rat (Lair:8)
  9 orcs
  A plant (Lair:8)
  A spectral weapon (Vaults:2)
89 creatures vanquished.

Vanquished Creatures (others)
  A merfolk javelineer (Shoals:3)
  A centaur warrior (Vaults:2)
  A griffon (Shoals:4)
  A wolf spider (Spider:4)
  2 sirens (Shoals:3)
  3 yaktaurs
  A merfolk (Shoals:4)
  A two-headed ogre (Vaults:2)
  A snapping turtle (Shoals:4)
  A water elemental (Shoals:4)
  59 dancing weapons
  An ogre (Vaults:2)
  4 centaurs
  An orc (Orc:2)
  A bush (Lair:7)
  41 fungi
  30 plants
  51 spectral weapons
  4 toadstools (D:1)
205 creatures vanquished.

Grand Total: 1755 creatures vanquished

Notes
Turn   | Place    | Note
--------------------------------------------------------------
     0 | D:1      | Chiseanne the Spriggan Warper began the quest for the Orb.
     0 | D:1      | Reached XP level 1. HP: 10/10 MP: 5/5
   325 | D:1      | Reached skill level 3 in Spellcasting
   488 | D:1      | Reached XP level 2. HP: 14/14 MP: 7/7
   558 | D:1      | Reached skill level 1 in Stealth
  1297 | D:2      | Reached XP level 3. HP: 17/18 MP: 8/8
  1404 | D:2      | Found an oddly glowing altar of Pakellas.
  1800 | D:2      | Found an opulent altar of Gozag.
  2093 | D:2      | Became a worshipper of Gozag Ym Sagoz the Greedy
  2225 | D:3      | Noticed Robin
  2253 | D:3      | Reached skill level 5 in Dodging
  2254 | D:3      | Reached XP level 4. HP: 16/22 MP: 10/10
  2374 | D:3      | Noticed Grinder
  2383 | D:3      | Noticed Ijyb
  2413 | D:3      | Killed Ijyb
  2754 | D:3      | Found a sparkling altar of Nemelex Xobeh.
  2809 | D:3      | Reached XP level 5. HP: 25/25 MP: 11/11
  2833 | D:3      | Learned a level 2 spell: Blink
  2836 | D:3      | Learned a level 2 spell: Shroud of Golubria
  2926 | D:3      | Killed Robin
  3369 | D:3      | Noticed an ogre
  3390 | D:3      | Killed an ogre
  3390 | D:3      | Reached XP level 6. HP: 30/30 MP: 12/12
  3411 | D:3      | Learned a level 4 spell: Passage of Golubria
  3444 | D:4      | Noticed Blork the orc
  3483 | D:3      | Killed Blork the orc
  3483 | D:3      | Reached skill level 4 in Spellcasting
  3483 | D:3      | Reached skill level 5 in Translocations
  3549 | D:4      | Noticed Menkaure
  3557 | D:4      | Killed Menkaure
  3557 | D:4      | Reached XP level 7. HP: 33/33 MP: 14/14
  3565 | D:4      | Found a glowing golden altar of the Shining One.
  3931 | D:4      | Found a bloodstained altar of Trog.
  4434 | D:4      | Reached skill level 10 in Dodging
  4604 | D:5      | Entered Level 5 of the Dungeon
  5065 | D:5      | Reached XP level 8. HP: 36/37 MP: 16/16
  5323 | D:6      | Reached skill level 5 in Spellcasting
  6116 | D:5      | Bought a runed cloak for 144 gold pieces
  6128 | D:6      | Noticed Duvessa
  6130 | D:6      | Noticed Dowan
  6144 | D:6      | Killed Duvessa
  6153 | D:6      | Killed Dowan
  6253 | D:6      | Found a basalt altar of Yredelemnul.
  6527 | D:6      | Reached XP level 9. HP: 41/41 MP: 18/18
  6575 | D:6      | Identified First Steps in Witchcraft
  6618 | D:6      | Learned a level 1 spell: Summon Butterflies
  7138 | D:7      | Found a staircase to the Ecumenical Temple.
  7184 | Temple   | Entered the Ecumenical Temple
  7432 | D:7      | Reached skill level 6 in Spellcasting
  7733 | D:7      | Chiseanne: unsubscribe beem
  7733 | D:7      | Chiseanne: !beem unsubscribe
  7733 | D:7      | beem: Unsubscribed. I will no longer watch games of user Chiseanne. Bye!
  7756 | D:8      | Noticed Maurice
  7795 | D:8      | Killed Maurice
  7795 | D:8      | Reached skill level 5 in Short Blades
  7795 | D:8      | Reached skill level 15 in Dodging
  7975 | D:8      | Noticed a centaur warrior
  8021 | D:8      | Killed a centaur warrior
  8021 | D:8      | Reached XP level 10. HP: 30/46 MP: 19/21
  8040 | D:8      | Got a scorched war axe
  8495 | D:8      | Reached skill level 5 in Stealth
  8495 | D:8      | Reached skill level 7 in Spellcasting
  8813 | D:8      | Noticed Erolcha
  8910 | D:8      | Noticed a queen ant
  8930 | D:8      | Noticed Prince Ribbit
  8935 | D:8      | Noticed Erica
  9128 | D:8      | Learned a level 3 spell: Tukima's Dance
  9193 | D:8      | Killed Prince Ribbit
  9279 | D:8      | Killed Erica
  9365 | D:8      | Killed a queen ant
  9491 | D:8      | Killed Erolcha
  9491 | D:8      | Reached skill level 8 in Spellcasting
  9491 | D:8      | Reached XP level 11. HP: 49/49 MP: 20/24
  9502 | D:8      | Found a shattered altar of Ashenzari.
  9502 | D:8      | Found a shadowy altar of Dithmenos.
  9502 | D:8      | Found a sacrificial altar of Ru.
 10645 | D:9      | Bought a glowing robe for 23 gold pieces
 10696 | D:9      | Identified the +2 war axe "Voitasap" {chop, -Tele +Rage rPois} (You found it on level 8 of the Dungeon)
 10770 | D:9      | Found an ancient bone altar of Kikubaaqudgha.
 10770 | D:9      | Found a radiant altar of Vehumet.
 10783 | D:9      | Identified Kikubaaqudgha's Papyrus of Sinister Magic
 10834 | D:9      | Found a deep blue altar of Sif Muna.
 10911 | D:9      | Found a stormy altar of Qazlal.
 11201 | D:9      | Found a snail-covered altar of Cheibriados.
 11753 | D:9      | Found a burning altar of Makhleb.
 11803 | D:9      | Learned a level 3 spell: Teleport Other
 11841 | D:10     | Entered Level 10 of the Dungeon
 11887 | D:10     | Reached skill level 10 in Stealth
 11887 | D:10     | Reached skill level 9 in Spellcasting
 11947 | D:10     | Pr0man: moin
 11956 | D:10     | Chiseanne: moin
 11956 | D:10     | Chiseanne: wie läufts?
 12073 | D:10     | Found a staircase to the Lair.
 12077 | D:10     | Pr0man: Och ganz gut, hab die letzten tage nur nich wirklich gespielt
 12077 | D:10     | Chiseanne: keine lust ?
 12082 | D:10     | Pr0man: weiß grad nur nich was du aus dem char machen willst
 12103 | D:10     | Pr0man: zu viel anderes zeug zu tun
 12103 | D:10     | Chiseanne: ich auch nicht..mal sehen..erstmal gozag und hoffentlich gutes zeugs kaufen...vielleicht bleibe ich bei gozak...immerhin potion effects
 12148 | D:10     | Chiseanne: 2 shops eröffnet und beide mit müll
 12148 | D:10     | Chiseanne: mal hoffen das der nächste besser wird
 12356 | D:10     | Noticed a six-headed hydra
 12857 | D:10     | Reached skill level 1 in Evocations
 13332 | D:10     | Noticed a hill giant
 13339 | D:10     | Killed a hill giant
 13364 | D:10     | Reached skill level 10 in Spellcasting
 13469 | D:10     | Found a staircase to the Orcish Mines.
 13474 | Orc:1    | Entered Level 1 of the Orcish Mines
 13474 | Orc:1    | Noticed an orc high priest
 13476 | Orc:1    | Noticed an orc warlord
 13542 | D:11     | Noticed a purple ugly thing
 13560 | D:11     | Noticed ayyllmao's ghost (journeyman TrMo)
 13654 | D:11     | Noticed an eight-headed hydra
 13725 | D:11     | Killed an eight-headed hydra
 14065 | D:11     | Found a sacrificial altar of Ru.
 14169 | D:11     | Reached skill level 11 in Spellcasting
 14372 | D:11     | Reached XP level 12. HP: 53/53 MP: 26/28
 14752 | D:12     | Noticed Josephine
 14854 | D:12     | Killed Josephine
 15147 | D:12     | Noticed Nergalle
 15150 | D:12     | Killed Nergalle
 15152 | D:12     | Reached skill level 12 in Spellcasting
 15419 | D:12     | Found Xeeck's Book Shop.
 15534 | D:12     | Noticed Kirke
 15667 | D:12     | Noticed a sphinx
 15851 | D:12     | Noticed Kloppie's ghost (journeyman HOBe)
 16226 | D:12     | Killed Kirke
 16845 | D:12     | Reached skill level 13 in Spellcasting
 16943 | D:12     | Noticed an ogre mage
 16969 | D:12     | Killed an ogre mage
 16969 | D:12     | Reached skill level 5 in Evocations
 16973 | D:12     | Noticed a tengu reaver
 16976 | D:12     | Killed a tengu reaver
 17008 | D:12     | Noticed an ogre mage
 17011 | D:12     | Killed an ogre mage
 17172 | D:12     | Noticed a death knight
 17175 | D:12     | Killed a death knight
 17175 | D:12     | Reached skill level 15 in Stealth
 17175 | D:12     | Reached XP level 13. HP: 57/57 MP: 31/31
 17800 | D:13     | Got a bone falchion
 17801 | D:13     | Identified the +6 falchion of Res Nullius {pain, Str+3 Stlth+} (You found it on level 13 of the Dungeon)
 18110 | D:13     | Noticed a vault guard
 18560 | D:13     | Killed a vault guard
 18598 | D:13     | Found a gate to the Vaults.
 18806 | D:13     | Reached skill level 14 in Spellcasting
 19077 | D:13     | Bought a faintly humming robe for 159 gold pieces
 19078 | D:13     | Identified the cursed -5 robe of Misfortune {-Cast *Contam *Tele EV-4 Str-2 Int-2 Dex-2 Stlth-- *Curse} (You bought it in a shop on level 13 of the Dungeon)
 19706 | D:13     | Reached skill level 1 in Armour
 20414 | D:14     | Learned a level 3 spell: Regeneration
 20426 | D:14     | Reached skill level 1 in Shields
 21047 | D:15     | Entered Level 15 of the Dungeon
 21176 | D:14     | HP: 1/57 [poisoned by something (dark miasma)]
 21452 | D:15     | Found Rnwo's Retail Resort.
 21680 | D:15     | Reached XP level 14. HP: 43/63 MP: 33/33
 22186 | D:15     | Found a shattered altar of Ashenzari.
 22205 | D:15     | Reached skill level 5 in Shields
 23450 | D:15     | Noticed Agnes
 23497 | D:15     | Killed Agnes
 24121 | D:14     | HP: 3/63 [slime creature (18)]
 25459 | D:15     | Found a staircase to the Depths.
 25570 | D:15     | Reached skill level 15 in Spellcasting
 25638 | D:15     | Learned a level 1 spell: Animate Skeleton
 25679 | D:15     | Bought a +2 short sword of electrocution for 273 gold pieces
 26137 | Lair:1   | Entered Level 1 of the Lair of Beasts
 26600 | Lair:1   | Reached skill level 1 in Necromancy
 27379 | Lair:1   | Noticed Sonja
 27389 | Lair:1   | Killed Sonja
 28393 | D:12     | Bought a book of Battle for 520 gold pieces
 28396 | D:12     | Learned a level 2 spell: Song of Slaying
 28400 | D:12     | Learned a level 3 spell: Spectral Weapon
 29691 | Lair:3   | Reached skill level 16 in Spellcasting
 29843 | Lair:3   | Noticed Gastronok
 29849 | Lair:3   | Killed Gastronok
 29849 | Lair:3   | Reached skill level 5 in Fighting
 29849 | Lair:3   | Reached XP level 15. HP: 50/72 MP: 30/36
 29988 | Lair:3   | Found a hole to the Spider Nest.
 30234 | Lair:3   | Bought a potion of ambrosia for 152 gold pieces
 30234 | Lair:3   | Bought a potion of heal wounds for 95 gold pieces
 30234 | Lair:3   | Bought a potion of curing for 57 gold pieces
 32487 | Lair:5   | Reached skill level 17 in Spellcasting
 33000 | Lair:5   | Found a staircase to the Shoals.
 33959 | Lair:6   | Learned a level 2 spell: Repel Missiles
 34131 | Lair:6   | Reached skill level 1 in Charms
 34286 | Lair:7   | Reached skill level 1 in Hexes
 34494 | Lair:7   | Learned a level 3 spell: Mephitic Cloud
 34583 | Lair:7   | Learned a level 4 spell: Cause Fear
 35568 | Lair:8   | Entered Level 8 of the Lair of Beasts
 35904 | Lair:7   | Reached skill level 5 in Charms
 36465 | Lair:8   | Found a staircase to the Slime Pits.
 37201 | Lair:8   | Identified the Incunabulum of the Cloudy Volcanoes (You found it on level 8 of the Lair of Beasts)
 37204 | Lair:8   | Got an ominously black robe
 37205 | Lair:8   | Identified the +1 robe "Zazuxaju" {rF+ rN++ Str+2} (You found it on level 8 of the Lair of Beasts)
 37244 | Lair:8   | Reached XP level 16. HP: 74/79 MP: 33/38
 37266 | Lair:8   | Reached skill level 5 in Hexes
 37478 | Lair:8   | Reached skill level 5 in Necromancy
 38104 | Lair:8   | Learned a level 4 spell: Control Undead
 38110 | Lair:8   | Learned a level 5 spell: Cigotuvi's Embrace
 39280 | Orc:1    | Found Xurof's Armour Boutique.
 39517 | Orc:2    | Entered Level 2 of the Orcish Mines
 39606 | Orc:2    | Found a staircase to the Elven Halls.
 39674 | Orc:1    | Reached skill level 18 in Spellcasting
 40515 | Orc:2    | Found a roughly hewn altar of Beogh.
 40896 | Orc:2    | Found Xeaxtiy's General Store.
 42011 | Orc:2    | Found Keker's Book Shoppe.
 42052 | Orc:2    | Found Waimneps's Antique Weapon Shoppe.
 42066 | Orc:2    | Found Ykitz's Antique Armour Shoppe.
 42315 | Orc:2    | Bought the ring "Xoohiso" {rPois rF+ Dex+4 Stlth+} for 632 gold pieces
 42315 | Orc:2    | Bought a scroll of summoning for 133 gold pieces
 42315 | Orc:2    | Bought 2 scrolls of fear for 98 gold pieces
 42315 | Orc:2    | Bought a scroll of identify for 28 gold pieces
 42546 | Depths:1 | Entered Level 1 of the Depths
 42627 | D:15     | Bought a jewelled scimitar for 180 gold pieces
 42627 | D:15     | Bought an ancient dagger for 140 gold pieces
 42628 | D:15     | Identified the cursed +0 scimitar "Xutebuk" {freeze, rPois Int+4} (You bought it in a shop on level 15 of the Dungeon)
 42629 | D:15     | Identified the cursed +0 dagger of Hewneorr {speed, MR+} (You bought it in a shop on level 15 of the Dungeon)
 42671 | D:15     | Bought a glowing dagger for 40 gold pieces
 42736 | Depths:1 | Found a bloodstained altar of Trog.
 43869 | Depths:1 | Got a dazzling lajatang {slice}
 44004 | Depths:1 | Identified the +5 lajatang "Houmpa" {slice, rC+ SInv} (You took it off a spriggan berserker on level 1 of the Depths)
 44141 | Depths:1 | Found Ziveawihutz's Jewellery Shoppe.
 44151 | Depths:1 | Bought the ring "Tificit" {rElec MP+9 Str+4 Int+7} for 685 gold pieces
 44243 | Depths:1 | Reached skill level 19 in Spellcasting
 44487 | Depths:1 | Found a one-way gate leading to the halls of Pandemonium.
 45174 | D:15     | Learned a level 6 spell: Invisibility
 45191 | D:15     | Learned a level 5 spell: Silence
 45350 | Elf:1    | Entered Level 1 of the Elven Halls
 45945 | Shoals:1 | Entered Level 1 of the Shoals
 46475 | Shoals:1 | Reached XP level 17. HP: 84/84 MP: 41/41
 46887 | Shoals:2 | Found Saicsix's Gadget Emporium.
 46944 | Shoals:2 | Bought a sack of spiders for 260 gold pieces
 47197 | Shoals:4 | Entered Level 4 of the Shoals
 47204 | Shoals:4 | Noticed Roxanne
 47392 | Shoals:4 | Gained mutation: You have sharp toenails. [potion of beneficial mutation]
 47494 | Shoals:4 | Reached skill level 20 in Spellcasting
 47594 | Shoals:4 | Noticed Ilsuiw
 47638 | Shoals:4 | Killed Ilsuiw
 47646 | Shoals:4 | Reached skill level 10 in Hexes
 47730 | Shoals:4 | Identified the Papyrus of Displaced Fire (You found it on level 4 of the Shoals)
 47737 | Shoals:4 | Learned a level 4 spell: Sticky Flame
 47771 | Shoals:4 | Noticed Louise
 47772 | Shoals:4 | Gained mutation: Your spells are a little easier to cast, but a little less powerful. [mutagenic glow]
 47783 | Shoals:4 | Killed Louise
 48586 | Shoals:4 | Got a barnacled rune of Zot
 48670 | Shoals:2 | Noticed a kraken
 48807 | Lair:3   | Bought a potion of flight for 57 gold pieces
 48807 | Lair:3   | Bought a potion of ambrosia for 152 gold pieces
 48807 | Lair:3   | Bought 2 potions of haste for 380 gold pieces
 48807 | Lair:3   | Bought a potion of agility for 76 gold pieces
 48807 | Lair:3   | Bought a potion of haste for 190 gold pieces
 48807 | Lair:3   | Bought a potion of flight for 57 gold pieces
 48824 | Spider:1 | Entered Level 1 of the Spider Nest
 49627 | Spider:4 | Entered Level 4 of the Spider Nest
 50124 | Spider:4 | Reached skill level 21 in Spellcasting
 50877 | Spider:4 | Reached XP level 18. HP: 88/88 MP: 44/44
 50972 | Spider:4 | Got a gossamer rune of Zot
 51228 | Vaults:1 | Entered Level 1 of the Vaults
 51477 | Vaults:1 | Gained mutation: You are weak. (Str -2) [mutagenic glow]
 52721 | Vaults:1 | Reached skill level 22 in Spellcasting
 53940 | D:15     | Bought a glowing blowgun for 72 gold pieces
 53940 | D:15     | Bought a smoking hand axe for 232 gold pieces
 53941 | D:15     | Identified the +6 hand axe "Iliocaegg" {drain, *Contam rF++} (You bought it in a shop on level 15 of the Dungeon)
 53965 | D:15     | Bought a crude mace for 232 gold pieces
 53965 | D:15     | Identified the +10 mace "Jellybane" {pain, rF+ MR+ Str+4} (You bought it in a shop on level 15 of the Dungeon)
 54275 | Vaults:2 | You fall through a shaft!
 54889 | Vaults:2 | Noticed Norris
 54909 | Vaults:2 | Killed Norris
 54985 | Vaults:2 | Reached skill level 23 in Spellcasting
 55380 | Vaults:2 | Noticed Mennas
 55700 | Vaults:2 | Found a staircase to the Crypt.
 55884 | Vaults:2 | Reached XP level 19. HP: 75/92 MP: 40/47
 56756 | D:12     | Bought an Akashic Record for 1435 gold pieces
 56764 | D:12     | Learned a level 6 spell: Dispersal
 56782 | D:12     | Killed Kloppie's ghost
 57212 | Vaults:2 | Slain by a storm dragon simulacrum

Skill      XL: |  1  2  3  4  5  6  7  8  9 10 11 12 13 14 15 16 17 18 |
---------------+-------------------------------------------------------+-----
Spellcasting   | 3 4 5 6 8 11 13 14 16 17 19 21 23 | 23.8
Dodging        | 4 5 6 7 8 10 13 16 18 | 18.9
Stealth        | 1 2 3 4 8 11 15 17 | 17.2
Short Blades   | 3 4 5 6 9 |  9.7
Translocations | 5 6 7 9 |  9.4
Evocations     | 2 5 |  5.7
Armour         | 1 |  1.7
Fighting       | 2 5 6 7 |  7.0
Shields        | 4 7 |  7.2
Necromancy     | 2 4 5 |  5.7
Charms         | 7 |  7.9
Hexes          | 4 8 11 12 | 12.2
Throwing       | |  1.0

Action                   |  1- 3 |  4- 6 |  7- 9 | 10-12 | 13-15 | 16-18 | 19-21 || total
-------------------------+-------+-------+-------+-------+-------+-------+-------++-------
Melee: Short sword       |   204 |   126 |    55 |    46 |   206 |    89 |       ||   726
       Dagger            |       |    88 |   530 |  1156 |  2040 |  1101 |       ||  4915
       Club              |       |       |    61 |    19 |   378 |       |       ||   458
       Scimitar          |       |       |       |   118 |    22 |       |       ||   140
       Falchion          |       |       |       |       |   571 |   302 |       ||   873
       Rapier            |       |       |       |       |       |   921 |   126 ||  1047
       Kick              |       |       |       |       |       |   534 |    55 ||   589
       Mace              |       |       |       |       |       |     4 |       ||     4
 Fire: Blowgun           |       |       |       |       |       |     5 |       ||     5
Throw: Tomahawk          |     2 |     1 |     1 |     2 |    46 |     8 |       ||    60
       Throwing net      |       |       |       |       |     4 |       |       ||     4
 Cast: Shroud of Golubri |       |       |     1 |    78 |   179 |    89 |     7 ||   354
       Summon Butterflie |       |       |     1 |       |    29 |    11 |       ||    41
       Blink             |       |       |       |     3 |     2 |     7 |       ||    12
       Tukima's Dance    |       |       |       |    50 |    33 |   182 |    13 ||   278
       Teleport Other    |       |       |       |     8 |     9 |       |       ||    17
       Apportation       |       |       |       |     4 |     1 |    27 |       ||    32
       Passage of Golubr |       |       |       |     2 |       |     2 |       ||     4
       Spectral Weapon   |       |       |       |       |    96 |    84 |     6 ||   186
       Song of Slaying   |       |       |       |       |    18 |    16 |       ||    34
       Regeneration      |       |       |       |       |    37 |    65 |     5 ||   107
       Mephitic Cloud    |       |       |       |       |     6 |   167 |    13 ||   186
       Cause Fear        |       |       |       |       |     2 |       |       ||     2
       Repel Missiles    |       |       |       |       |     1 |     1 |       ||     2
       Invisibility      |       |       |       |       |       |    18 |       ||    18
       Sticky Flame      |       |       |       |       |       |     3 |       ||     3
       Control Undead    |       |       |       |       |       |     2 |       ||     2
Invok: Call Merchant     |       |       |     1 |     2 |     3 |     3 |       ||     9
Evoke: Sack of spiders   |       |       |       |    10 |     9 |     7 |    15 ||    41
       Wand              |       |       |       |    12 |    70 |    37 |       ||   119
       Phial of floods   |       |       |       |       |     3 |     3 |     1 ||     7
       Box of beasts     |       |       |       |       |    10 |     5 |       ||    15
       Fan of gales      |       |       |       |       |     1 |     2 |     1 ||     4
  Use: Scroll            |     8 |     3 |    12 |     9 |    18 |    21 |       ||    71
       Potion            |       |     1 |     2 |       |    10 |     8 |       ||    21
 Stab: Sleeping          |     2 |     3 |    17 |    52 |    85 |    62 |       ||   221
       Invisible         |       |     2 |       |       |       |   101 |       ||   103
       Distracted        |       |     1 |     5 |    14 |    59 |    44 |     5 ||   128
       Paralysed         |       |       |       |     2 |     5 |     1 |       ||     8
       Petrified         |       |       |       |       |     1 |       |       ||     1
       Confused          |       |       |       |       |    21 |   133 |    11 ||   165
       Held in net/web   |       |       |       |       |       |     3 |       ||     3
  Eat: Royal jelly       |     1 |       |     2 |       |    11 |       |       ||    14
       Pizza             |       |     1 |     2 |     1 |     2 |       |       ||     6
       Fruit             |       |       |     2 |       |     4 |    16 |       ||    22
       Bread ration      |       |       |       |     2 |     1 |     2 |       ||     5
Armor: Robe              |    28 |    35 |    71 |    97 |   159 |    72 |     3 ||   465
Dodge: Dodged            |   172 |   151 |   411 |  1217 |  2052 |  1716 |    85 ||  5804
       Deflected         |       |       |       |       |     3 |    21 |       ||    24
Block: Other             |       |       |    97 |   284 |    93 |       |       ||   474
       Reflection        |       |       |     2 |     1 |    16 |    69 |    13 ||   101
       Buckler           |       |       |       |       |  1856 |  1919 |    92 ||  3867
